 Dungeon Crawl Stone Soup version 0.27.0-1-g7a089689b8 (webtiles) character file.

Game seed: 16905601961447933273

13 Brandom the Sneak (level 2, -2/24 HPs)
             Began as a Human Delver on Aug 8, 2021.
             Killed from afar by a dart slug (4 damage)
             ... with a slug dart
             ... on level 1 of the Dungeon.
             The game lasted 00:02:00 (144 turns).

Brandom the Sneak (Human Delver)                     Turns: 144, Time: 00:02:00

Health: -2/24      AC:  3    Str: 12    XL:     2   Next: 50%
Magic:  2/2        EV: 12    Int: 10    God:
Gold:   14         SH:  0    Dex: 14    Spells: 1/1 levels left

rFire    . . .     SeeInvis .   a - +0 mace
rCold    . . .     Faith    .   (no shield)
rNeg     . . .     Spirit   .   b - +0 leather armour
rPois    .         Reflect  .   (no helmet)
rElec    .         Harm     .   (no cloak)
rCorr    .         Rampage  .   (no gloves)
Will     .....                  (no boots)
Stlth    +++.......             (no amulet)
HPRegen  0.08/turn              (no ring)
MPRegen  0.08/turn              (no ring)

@: no status effects
A: no striking features
a: no special abilities


You were on level 1 of the Dungeon.
You visited 1 branch of the dungeon, and saw 5 of its levels.

You collected 14 gold pieces.

Inventory:

Hand Weapons
 a - a +0 mace (weapon)
Armour
 b - a +0 leather armour (worn)
Wands
 v - a wand of digging (3)
Scrolls
 c - a scroll of fog
 d - a scroll of magic mapping
 e - a scroll of fear
Potions
 f - a potion of haste {@q3}


   Skills:
 + Level 3.1 Fighting
 * Level 2.5 Maces & Flails
 + Level 2.2 Dodging
 - Level 5.0 Stealth


You had one spell level left.
You didn't know any spells.
Your spell library was empty.

Dungeon Overview and Level Annotations

Branches:
Dungeon (5/15)
 Temple: D:4-7

Altars:

Shops:
D:1 [

Annotations:
D:2 Jessica


Message History

* * * LOW HITPOINT WARNING * * *
You feel sick.
You have reached level 2!
* * * LOW HITPOINT WARNING * * *
You feel sick.
The giant cockroach waves its antennae.
* * * LOW HITPOINT WARNING * * *
You feel sick. The giant cockroach misses you.
* * * LOW HITPOINT WARNING * * *
You feel sick.
Jessica the Apprentice Sorceress comes into view.
She is wielding a +0 dagger.
* * * LOW HITPOINT WARNING * * *
You feel sick.
Unknown command.
* * * LOW HITPOINT WARNING * * *
You feel sick.
You are no longer poisoned.
The giant cockroach bites you but does no damage.
Unknown command.
Found a curved glowing staff.
Unknown command.
Unknown command.
Found a stone staircase leading up.
The giant cockroach closely misses you.
There is a stone staircase leading up here.
The giant cockroach closely misses you.
You climb upwards.
The goblin shouts!
Found a shiny diamond ring and a pair of boots.
Found Zoligi's Antique Armour Shoppe.
There is a stone staircase leading down here.
The giant cockroach bites you but does no damage.
A quokka comes into view.
The giant cockroach bites you but does no damage.
The helpless quokka fails to defend itself.
You sock the quokka!
You kill the quokka!
The giant cockroach closely misses you.
The giant cockroach waves its antennae.
The giant cockroach misses you.
A frilled lizard comes into view.
The giant cockroach bites you but does no damage.
An endoplasm and a dart slug come into view.
The dart slug launches a dart at you.
The slug dart hits you but does no damage.
The giant cockroach bites you.
* * * LOW HITPOINT WARNING * * *
The dart slug launches a dart at you. The slug dart hits you.
You die...

. ##. #.##
.....####+####..#
....l...........#
#..##..........#
#.......g....##
#.##.........#
#.........#
######.B.......#
Jw......@##.#####
########..#...
##...#.# ##...#
####


You could see a dart slug, a giant cockroach and a goblin.

Vanquished Creatures
  An adder (D:2)
  A jackal (D:4)
  A quokka (D:1)
  A ball python (D:4)
4 creatures vanquished.

Notes
Turn   | Place    | Note
-------+----------+-------------------------------------------
     0 | D:5      | Brandom the Human Delver began the quest for the Orb.
     0 | D:5      | Reached XP level 1. HP: 18/18 MP: 1/1
    24 | D:5      | Noticed a kobold brigand
    45 | D:5      | Noticed a scorpion
    52 | D:5      | Noticed an iguana
    67 | D:4      | Noticed an iguana
    85 | D:3      | Noticed an iguana
   111 | D:2      | Reached XP level 2. HP: 6/24 MP: 2/2
   114 | D:2      | Noticed Jessica
   115 | D:2      | HP: 1/24 [poisoned by an adder]
   124 | D:1      | Found Zoligi's Antique Armour Shoppe.
   144 | D:1      | Killed from afar by a dart slug

Illustrated notes

Levels and vault maps discovered:
D:1:      dpeg_arrival_rooms_with_view, layout_rooms,
          hellmonk_ecumenical_altar_inner_sanctum, serial_shops, shop_fountains
D:2:      cheibrodos_pilgrimage, layout_basic, serial_forest,
          infiniplex_forest_3_way, infiniplex_forest_lined_ring,
          infiniplex_forest_lined_room_, infiniplex_forest_lined_room_3,
          infiniplex_forest_end_double, infiniplex_forest_clump_tiny,
          infiniplex_forest_lined_2, minmay_rat_gold_closets, uniq_robin,
          uniq_jessica
D:3:      layout_basic, grunt_dithmenos_smoke_and_mirrors,
          mainiacjoe_overflow_large_starburst, uniq_terence
D:4:      layout_gridville
D:5:      layout_cave_pools, cheibrodos_sewer_entry_bend, hangedman_glass_teeth

Action                   || total
-------------------------++-------
Melee: Mace              ||    14
  Use: Potion            ||     1
 Stab: Sleeping          ||     1
Armor: Leather armour    ||    13
Dodge: Dodged            ||    16
